 Dungeon Crawl Stone Soup version 0.28.0-55-gcd9437bce4 (webtiles) character file.

Game seed: 12700807775206129410

15815 AarnesTheHuman the Blocker (level 12, 0/97 HPs)
             Began as a Gnoll Fighter on Jan 2, 2023.
             Was an Elder of Qazlal.
             Slain by an orc knight
             ... wielding a +0 trident
              (30 damage)
             ... in a bailey on Jan 3, 2023.
             The game lasted 00:26:32 (12813 turns).

AarnesTheHuman the Blocker (Gnoll Fighter)         Turns: 12813, Time: 00:26:33

Health: 0/97       AC: 23    Str: 24    XL:     12   Next: 31%
Magic:  19/22      EV:  8    Int:  9    God:    Qazlal [****..]
Gold:   1994       SH: 16    Dex: 11    Spells: 25/25 levels left

rFire   + . .      SeeInvis .   a - +1 broad axe (vorpal)
rCold   . . .      Faith    +   P - +0 kite shield
rNeg    . . .      Spirit   .   n - +0 plate armour
rPois   +          Reflect  .   y - +0 helmet
rElec   .          Harm     .   j - +1 cloak {rPois}
rCorr   .          Rampage  +   R - +2 pair of gloves of Deoligiu {Str+2 Slay+2}
Will    +....                   e - +0 pair of boots
Stlth   ..........              H - amulet "Keol" {Faith Rampage Str+2}
HPRegen 0.26/turn               u - ring of willpower
MPRegen 0.18/turn               K - ring of protection from fire

@: repel missiles
A: fangs 1, strong nose, distributed training
a: Renounce Religion, Upheaval, Elemental Force


You were in a bailey.
You worshipped Qazlal.
Qazlal was greatly pleased with you.
You visited 2 branches of the dungeon, and saw 11 of its levels.
You also visited: Sewer and Bailey.

You collected 1994 gold pieces.

Inventory:

Hand Weapons
 a - a +1 vorpal broad axe (weapon)
 g - a +0 hunting sling
 r - a +0 whip of freezing
 L - a +2 trident of venom
Missiles
 f - 259 stones
 p - 20 sling bullets
 t - 11 javelins
 v - 2 datura-tipped darts
 B - 18 poisoned darts (quivered)
 S - 2 throwing nets
Armour
 e - a +0 pair of boots (worn)
 j - a +1 cloak of poison resistance (worn)
 n - a +0 plate armour (worn)
 y - a +0 helmet (worn)
 P - a +0 kite shield (worn)
 R - the +2 pair of gloves of Deoligiu (worn) {Str+2 Slay+2}
   (You acquired it on level 9 of the Dungeon)

   Str:       It affects your strength (+2).
   Slay:      It affects your accuracy & damage with ranged weapons and melee
   (+2).
Jewellery
 c - a +6 ring of strength
 u - a ring of willpower (left hand)
 H - the amulet "Keol" (around neck) {Faith Rampage Str+2}
   (You found it on level 7 of the Dungeon)

   [amulet of faith]

   It allows you to gain divine favour quickly.
   Str:       It affects your strength (+2).
   Rampage:   It bestows one free step when moving towards enemies.
 K - a ring of protection from fire (right hand)
 M - a ring of see invisible
Wands
 b - a wand of paralysis (2)
 x - a wand of flame (58)
 C - a wand of polymorph (6)
 F - a wand of iceblast (9)
 I - a wand of mindburst (13)
Scrolls
 h - 8 scrolls of teleportation
 k - a scroll of silence
 z - a scroll of fog
 A - 2 scrolls of magic mapping
 E - a scroll of torment {unknown}
 G - a scroll of brand weapon {unknown}
 N - a scroll of enchant armour {unknown}
 O - a scroll of fear
 T - a scroll of enchant weapon
 U - a scroll of acquirement
Potions
 d - 6 potions of might
 i - 4 potions of curing
 l - 5 potions of flight
 m - 2 potions of brilliance
 o - a potion of berserk rage
 q - 13 potions of degeneration
 s - a potion of attraction {unknown}
 D - a potion of ambrosia
 J - 2 potions of invisibility {unknown}
 Q - 4 potions of heal wounds
 V - a potion of resistance {unknown}
 W - a potion of magic {unknown}
 X - 2 potions of cancellation {unknown}
 Y - a potion of mutation {unknown}
 Z - a potion of experience
Miscellaneous
 w - a phial of floods


   Skills:
 + Level 9.7 Fighting
 + Level 7.0 Short Blades
 + Level 7.0 Long Blades
 + Level 8.4 Axes
 + Level 7.0 Maces & Flails
 + Level 7.0 Polearms
 + Level 7.0 Staves
 + Level 7.0 Slings
 + Level 7.0 Bows
 + Level 7.0 Crossbows
 + Level 7.0 Throwing
 + Level 9.7 Armour
 + Level 7.0 Dodging
 + Level 7.0 Stealth
 + Level 9.7 Shields
 + Level 7.0 Unarmed Combat
 + Level 7.0 Spellcasting
 + Level 5.8 Conjurations
 + Level 5.8 Hexes
 + Level 5.8 Summonings
 + Level 5.8 Necromancy
 + Level 5.8 Translocations
 + Level 5.8 Transmutations
 + Level 5.8 Fire Magic
 + Level 5.8 Ice Magic
 + Level 5.8 Air Magic
 + Level 5.8 Earth Magic
 + Level 5.8 Poison Magic
 + Level 7.7 Invocations
 + Level 7.0 Evocations


You had 25 spell levels left.
You didn't know any spells.
Your spell library contained the following spells:

 Spells                   Type           Power      Damage    Failure   Level
 Sandblast                Erth           26%        2d8       43%         1
 Slow                     Hex            52%        N/A       43%         1
 Sting                    Tmut/Pois      52%        1d5       43%         1
 Corpse Rot               Necr/Air       26%        N/A       56%         2
 Passwall                 Tmut/Erth      10%        N/A       56%         2
 Poisonous Vapours        Pois/Air       26%        N/A       56%         2
 Confusing Touch          Hex            13%        N/A       80%         3
 Stone Arrow              Conj/Erth      26%        3d8       80%         3
 Vampiric Draining        Necr           13%        2d6       80%         3
 Leda's Liquefaction      Hex/Erth       6%         N/A       99%         4
 Olgreb's Toxic Radiance  Pois           13%        N/A       99%         4
 Lee's Rapid Deconstruct  Erth           6%         3d7*      100%        5
 Statue Form              Tmut/Erth      8%         N/A       100%        6


Dungeon Overview and Level Annotations

Branches:
Dungeon (10/15)            Temple (1/1) D:5             Orc (0/2) D:9
  Sewer (visited)          Bailey (1/1)
   Lair: D:8-11

Altars:
Ashenzari
Cheibriados
Dithmenos
Elyvilon
Fedhas
Gozag
Hepliaklqana
Kikubaaqudgha
Makhleb
Nemelex Xobeh
Okawaru
Qazlal
Ru
Sif Muna
Trog
Uskayaw
Vehumet
Wu Jian
Xom
Yredelemnul
Zin

Shops:
D:5 !   D:6 *

Annotations:
D:6 3 runed translucent doors, exclusion: 3 doors, Atelerd's ghost, novice OpEE


Innate Abilities, Weirdness & Mutations

You have very sharp teeth.
Your uncanny sense of smell can sniff out nearby items.
Your experience applies equally to all skills.


Message History

The orc knight goes into a battle-frenzy!
You slash the orc knight!
You bite the orc knight, but do no damage.
The orc knight is severely wounded.
The orc knight is struck by lightning.
You block the orc knight's attack. x2
You hit the orc knight but do no damage.
The orc knight is severely wounded.
The orc knight hits you with a +0 glaive!
You hit the orc knight but do no damage.
The orc knight is severely wounded.
You block the orc knight's attack.
The orc knight hits you from afar with a +0 trident!!
You block the orc knight's attack.
You completely miss the orc knight.
The orc knight is severely wounded.
The orc knight hits you from afar with a +0 trident.
You block the orc knight's attack.
You barely miss the orc knight.
You bite the orc knight, but do no damage.
The orc knight is severely wounded.
The orc knight roars a battlecry!
The orc knight goes into a battle-frenzy!
You block the orc knight's attack. x2
You closely miss the orc knight.
You bite the orc knight, but do no damage.
The orc knight is severely wounded.
The orc knight hits you but does no damage.
The orc knight is struck by lightning.
The orc knight barely misses you.
Aiming: Upheaval
Press: ? - help, Dir - move target The ground shakes violently, spewing rubble!
The blast of rubble hits the orc knight!
The orc knight is heavily wounded.
You block the orc knight's attack.
The orc knight is struck by lightning.
You block the orc knight's attack.
You slash the orc knight!
The orc knight is almost dead.
The orc knight hits you with a +0 glaive!!
The orc knight hits you from afar with a +0 trident!!
You die...

#.....#
#.....#
#.....#
#.....#
##'''##
##.....##
#..§†)..#
#..#§#..#
#..§@)..#
#.°)§o..#
#.☼.o○..#
##.....##
#'''''#
#.....#
.......
#.......#


You could see 2 orc knights.

Vanquished Creatures
  2 two-headed ogres
  Maurice (D:8)
  Maggie (D:8)
  A queen bee (Bailey)
  3 trolls
  A wyvern (D:9)
  8 yaks (D:9)
  Grum (D:9)
  2 steam dragons
  An ice beast (D:5)
  A hornet zombie (D:7)
  5 orc warriors
  A necrophage (D:8)
  2 ogres (D:6)
  2 wolves (D:9)
  2 centaurs
  A phantom (D:4)
  A kobold brigand (D:7)
  2 gnoll sergeants (D:7)
  A bullfrog (D:9)
  A scorpion (D:4)
  A water moccasin zombie (D:7)
  2 wyvern zombies
  4 killer bees (D:8)
  A water moccasin skeleton (D:6)
  17 wights
  3 howler monkeys
  A centaur zombie (D:6)
  9 orc priests
  A gnoll shaman (D:10)
  3 hounds
  A jelly (D:6)
  3 bullfrog skeletons
  A merfolk siren (Sewer)
  8 orc wizards
  A scorpion zombie (D:5)
  A merfolk avatar (Sewer)
  A hound zombie (D:5)
  A howler monkey zombie (D:8)
  19 gnolls
  3 river rats (Sewer)
  12 adders
  3 shadow imps
  A white imp (D:6)
  2 adder skeletons (D:4)
  2 worms
  69 orcs
  16 ball pythons
  3 bats
  6 endoplasms
  6 giant cockroaches
  12 goblins
  8 hobgoblins
  2 jackals (D:2)
  5 kobolds
  4 quokkas
  7 frilled lizards
  35 rats
314 creatures vanquished.

Vanquished Creatures (others)
  A plant (D:6)
1 creature vanquished.

Grand Total: 315 creatures vanquished

Notes
Turn   | Place    | Note
-------+----------+-------------------------------------------
     0 | D:1      | AarnesTheHuman the Gnoll Fighter began the quest for the
                  | Orb.
     0 | D:1      | Reached XP level 1. HP: 23/23 MP: 1/1
   110 | D:1      | Reached XP level 2. HP: 29/29 MP: 2/2
   303 | D:1      | Reached XP level 3. HP: 32/35 MP: 3/3
   405 | D:1      | Found a faded altar of an unknown god.
   733 | D:2      | Reached skill level 1 in Invocations
  1069 | D:2      | Reached skill level 1 in Short Blades
  1069 | D:2      | Reached skill level 1 in Long Blades
  1069 | D:2      | Reached skill level 1 in Maces & Flails
  1069 | D:2      | Reached skill level 1 in Polearms
  1069 | D:2      | Reached skill level 1 in Staves
  1069 | D:2      | Reached skill level 1 in Slings
  1069 | D:2      | Reached skill level 1 in Bows
  1069 | D:2      | Reached skill level 1 in Crossbows
  1069 | D:2      | Reached skill level 1 in Throwing
  1069 | D:2      | Reached skill level 1 in Dodging
  1069 | D:2      | Reached skill level 1 in Stealth
  1069 | D:2      | Reached skill level 1 in Unarmed Combat
  1069 | D:2      | Reached skill level 1 in Spellcasting
  1069 | D:2      | Reached skill level 1 in Evocations
  1069 | D:2      | Reached XP level 4. HP: 41/41 MP: 5/5
  1704 | D:3      | Found a glowing drain.
  1711 | Sewer    | Entered a sewer
  1735 | Sewer    | Reached skill level 1 in Conjurations
  1735 | Sewer    | Reached skill level 1 in Hexes
  1735 | Sewer    | Reached skill level 1 in Summonings
  1735 | Sewer    | Reached skill level 1 in Necromancy
  1735 | Sewer    | Reached skill level 1 in Translocations
  1735 | Sewer    | Reached skill level 1 in Transmutations
  1735 | Sewer    | Reached skill level 1 in Fire Magic
  1735 | Sewer    | Reached skill level 1 in Ice Magic
  1735 | Sewer    | Reached skill level 1 in Air Magic
  1735 | Sewer    | Reached skill level 1 in Earth Magic
  1735 | Sewer    | Reached skill level 1 in Poison Magic
  1972 | Sewer    | Reached XP level 5. HP: 30/47 MP: 5/7
  2279 | Sewer    | Noticed a malarious merfolk avatar
  2445 | Sewer    | Killed a malarious merfolk avatar
  2820 | D:2      | Reached XP level 6. HP: 28/53 MP: 8/8
  3367 | D:4      | Found a bloodstained altar of Trog.
  3389 | D:4      | Reached skill level 5 in Axes
  3517 | D:4      | HP: 2/53 [orc priest/+0 hand axe (1)]
  4134 | D:4      | Reached XP level 7. HP: 50/60 MP: 10/10
  4636 | D:5      | Entered Level 5 of the Dungeon
  4663 | D:5      | Identified 2 scrolls of acquirement
  4663 | D:5      | Acquired a +0 vorpal broad axe
  4665 | D:5      | Acquired 1105 gold pieces
  4845 | D:5      | Found Pastrul's Distillery.
  4985 | D:5      | Found a staircase to the Ecumenical Temple.
  4992 | Temple   | Entered the Ecumenical Temple
  5182 | Temple   | Became a worshipper of Qazlal Stormbringer
  5277 | D:5      | Found a sparkling altar of Nemelex Xobeh.
  5730 | D:6      | Found a blossoming altar of Fedhas.
  5929 | D:5      | Reached XP level 8. HP: 56/67 MP: 12/12
  6186 | D:6      | Found a runed translucent gate.
  6187 | D:6      | Found a runed translucent gate.
  6188 | D:6      | Found a runed translucent gate.
  6188 | D:6      | Noticed Atelerd's ghost (novice OpEE)
  6192 | D:6      | Identified the +1 mace "Killer Klown's Regret" {venom,
                  | Int+3}
  6328 | D:6      | Found Keot's Assorted Antiques.
  6408 | D:6      | Found Cusulits's Fire Supplies.
  7033 | D:6      | Found a snail-covered altar of Cheibriados.
  7305 | D:7      | Noticed a two-headed ogre
  7340 | D:7      | Killed a two-headed ogre
  7341 | D:7      | Reached XP level 9. HP: 26/74 MP: 13/15
  7616 | D:7      | Noticed a troll
  7630 | D:7      | Killed a troll
  7826 | D:7      | Identified the amulet "Keol" {Faith Rampage Str+2}
  8190 | D:7      | Reached * piety under Qazlal
  8363 | D:7      | Found a broken altar of Ashenzari.
  8367 | D:7      | Reached skill level 5 in Invocations
  8919 | D:8      | Noticed Maggie
  9183 | D:8      | Noticed Maurice
  9570 | D:8      | Killed Maurice
  9571 | D:8      | Reached XP level 10. HP: 67/80 MP: 17/17
  9669 | D:8      | Reached ** piety under Qazlal
  9744 | D:8      | Reached skill level 5 in Short Blades
  9744 | D:8      | Reached skill level 5 in Long Blades
  9744 | D:8      | Reached skill level 5 in Maces & Flails
  9744 | D:8      | Reached skill level 5 in Polearms
  9744 | D:8      | Reached skill level 5 in Staves
  9744 | D:8      | Reached skill level 5 in Slings
  9744 | D:8      | Reached skill level 5 in Bows
  9744 | D:8      | Reached skill level 5 in Crossbows
  9744 | D:8      | Reached skill level 5 in Throwing
  9744 | D:8      | Reached skill level 5 in Dodging
  9744 | D:8      | Reached skill level 5 in Stealth
  9744 | D:8      | Reached skill level 5 in Unarmed Combat
  9744 | D:8      | Reached skill level 5 in Spellcasting
  9744 | D:8      | Reached skill level 5 in Evocations
  9847 | D:8      | Killed Maggie
 10614 | D:8      | Found a shadowy altar of Dithmenos.
 10818 | D:9      | Noticed Grum
 10836 | D:9      | Acquired the +2 pair of gloves of Deoligiu {Str+2 Slay+2}
 10864 | D:9      | Noticed a two-headed ogre
 10884 | D:9      | Killed a two-headed ogre
 11408 | D:9      | Found a staircase to the Orcish Mines.
 11410 | D:9      | Reached *** piety under Qazlal
 11519 | D:9      | Reached XP level 11. HP: 79/87 MP: 19/19
 11583 | D:9      | Killed Grum
 11994 | D:9      | Found a burning altar of Makhleb.
 11994 | D:9      | Noticed a green death
 12189 | D:9      | Reached skill level 5 in Conjurations
 12189 | D:9      | Reached skill level 5 in Hexes
 12189 | D:9      | Reached skill level 5 in Summonings
 12189 | D:9      | Reached skill level 5 in Necromancy
 12189 | D:9      | Reached skill level 5 in Translocations
 12189 | D:9      | Reached skill level 5 in Transmutations
 12189 | D:9      | Reached skill level 5 in Fire Magic
 12189 | D:9      | Reached skill level 5 in Ice Magic
 12189 | D:9      | Reached skill level 5 in Air Magic
 12189 | D:9      | Reached skill level 5 in Earth Magic
 12189 | D:9      | Reached skill level 5 in Poison Magic
 12313 | D:10     | Entered Level 10 of the Dungeon
 12329 | D:10     | Reached **** piety under Qazlal
 12412 | D:10     | Found a flagged portal.
 12431 | Bailey   | Entered a bailey
 12775 | Bailey   | Reached XP level 12. HP: 95/95 MP: 20/22
 12813 | Bailey   | Slain by an orc knight

Illustrated notes

Levels and vault maps discovered:
D:1:      psy_arrival_radial02, layout_basic,
          hellmonk_ecumenical_altar_arch_garden
D:2:      layout_rooms, corexii_corridor_pit, lemuel_another_geyser
D:3:      layout_loops_cross, portal_sewer_entry_e, st_stairs_14,
          nicolae_underground_beach
D:4:      layout_loops_ring, kennysheep_flooded_box
D:5:      layout_loops_ring, mainiacjoe_overflow_cross_hatched,
          minmay_temple_entry_offerings, serial_shops, shop, corexii_shack,
          serial_bayou_crossing
D:6:      layout_loops_ring, lemuel_coloured_pillars_altar, fedhas_altar_2,
          gammafunk_ghost_nasty_kobolds, serial_shops,
          nicolae_shop_overgrown_old_shop, nicolae_shop_fire_sale
          [nicolae_sub_dead_trees]
D:7:      layout_gridville, cheibrodos_ashenzari_chains,
          nicolae_figureground_pulse
D:8:      layout_loops_ring, general_overflow_altar, uniq_maggie, uniq_maurice
D:9:      layout_gridville, makhleb_altar_promises_db, hiddenorc2_lemuel,
          uniq_grum
D:10:     layout_cross, trog_three_pillars_becter, mainiacjoe_overflow_catwalk,
          enter_bailey_7
Temple:   eino_narrow_crystal_temple
Bailey:   bailey_polearm_5, bailey

Skill      XL: |  1  2  3  4  5  6  7  8  9 10 11 |
---------------+----------------------------------+-----
Invocations    | 1 2 3 4 5 6 7 |  7.7
Short Blades   | 1 2 4 5 7 |  7.0
Long Blades    | 1 2 4 5 7 |  7.0
Maces & Flails | 1 2 4 5 7 |  7.0
Polearms       | 1 2 4 5 7 |  7.0
Staves         | 1 2 4 5 7 |  7.0
Slings         | 1 2 4 5 7 |  7.0
Bows           | 1 2 4 5 7 |  7.0
Crossbows      | 1 2 4 5 7 |  7.0
Throwing       | 1 2 4 5 7 |  7.0
Dodging        | 1 2 4 5 7 |  7.0
Stealth        | 1 2 4 5 7 |  7.0
Unarmed Combat | 1 2 4 5 7 |  7.0
Spellcasting   | 1 2 4 5 7 |  7.0
Evocations     | 1 2 4 5 7 |  7.0
Conjurations   | 1 2 3 4 5 |  5.8
Hexes          | 1 2 3 4 5 |  5.8
Summonings     | 1 2 3 4 5 |  5.8
Necromancy     | 1 2 3 4 5 |  5.8
Translocations | 1 2 3 4 5 |  5.8
Transmutations | 1 2 3 4 5 |  5.8
Fire Magic     | 1 2 3 4 5 |  5.8
Ice Magic      | 1 2 3 4 5 |  5.8
Air Magic      | 1 2 3 4 5 |  5.8
Earth Magic    | 1 2 3 4 5 |  5.8
Poison Magic   | 1 2 3 4 5 |  5.8
Axes           | 5 6 7 8 |  8.4
Fighting       | 7 8 9 |  9.7
Armour         | 7 8 9 |  9.7
Shields        | 7 8 9 |  9.7

Action                   |  1- 3 |  4- 6 |  7- 9 | 10-12 || total
-------------------------+-------+-------+-------+-------++-------
Melee: War axe           |   109 |   284 |    25 |       ||   418
       Bite              |     7 |    20 |    33 |    29 ||    89
       Broad axe         |       |       |   212 |   281 ||   493
       Unarmed           |       |       |     1 |       ||     1
Throw: Dart              |       |       |    10 |       ||    10
       Throwing net      |       |       |     1 |     1 ||     2
       Stone             |       |       |     1 |       ||     1
Invok: Upheaval          |       |       |       |     1 ||     1
Evoke: Wand              |       |       |       |     4 ||     4
  Use: Scroll            |       |     3 |    14 |     2 ||    19
       Potion            |       |     2 |       |     1 ||     3
Armor: Scale mail        |    51 |    99 |       |       ||   150
       Plate armour      |       |     8 |   147 |   152 ||   307
Dodge: Dodged            |    44 |   118 |    81 |    66 ||   309
Block: Buckler           |    30 |    68 |    66 |       ||   164
       Kite shield       |       |       |    23 |   233 ||   256
